 Dungeon Crawl Stone Soup version 0.32-a0-290-g598725c5f2 (webtiles) character file.

Game seed: 900827884061394530

485 timneilson the Ruffian (level 7, -1/46 HPs)
             Began as an Octopode Shapeshifter on Feb 13, 2024.
             Splashed by a jelly's acid (4 damage)
             ... on level 5 of the Dungeon.
             The game lasted 00:06:51 (3535 turns).

timneilson the Ruffian (Octopode Shapeshifter)      Turns: 3535, Time: 00:06:52

Health: -1/46      AC: -15   Str: 16    XL:     7   Next: 13%
Magic:  7/7        EV: 13    Int: 12    God:
Gold:   270        SH:  0    Dex: 11    Spells: 6/6 levels left

rFire   . .          .
                       - Unarmed
rCold   . . .        (no shield)
rNeg    . . .        (helmet currently unavailable)
rPois   .            (no amulet)
rElec   .            (no ring)
rCorr   .            (no ring)
SInv    .            (no ring)
Will    .....        (no ring)
Stlth   +++          (no ring)
HPRegen 0.27/turn    (no ring)
MPRegen 0.10/turn    (no ring)
                     (no ring)

%: no passive effects
@: beast-form, corroded
A: beast (slay +2), almost no armour, amphibious, 8 rings, camouflage 1,
gelatinous body 1, (nimble swimmer 1), tentacles
a: Begin Untransformation


You were on level 5 of the Dungeon.
You were a hulking beast.
You visited 1 branch of the dungeon, and saw 5 of its levels.

You collected 270 gold pieces.

Inventory:

Missiles
 i - 4 atropa-tipped darts (quivered)
Talismans
 b - a beast talisman (active)
 c - a flux talisman
Wands
 d - a wand of mindburst (10)
 k - a wand of paralysis (6)
Scrolls
 f - 4 scrolls of poison
Potions
 a - a potion of lignification
 e - 2 potions of curing
 g - 2 potions of mutation
 j - 3 potions of enlightenment


   Skills:
 * Level 3.2 Fighting
 * Level 3.6 Dodging
 + Level 3.5 Stealth
 * Level 4.2 Unarmed Combat
 + Level 1.8 Evocations
 * Level 4.2 Shapeshifting


You had 6 spell levels left.
You didn't know any spells.
Your spell library contained the following spells:

 Spells                   Type           Power      Damage    Failure   Level
 Magic Dart               Conj           0%         1d3       32%         1
 Searing Ray              Conj           0%         2d4       45%         2
 Fulminant Prism          Conj/Alch      0%         3d5       97%         4


Dungeon Overview and Level Annotations

Branches:
Dungeon (5/15)
 Temple: D:4-7

Altars:

Shops:
D:4 :

Annotations:
D:3 1 runed translucent door, Crazy Yiuf
D:4 2 runed translucent doors, Azoth's ghost, novice MDMo


Innate Abilities, Weirdness & Mutations

You are a hulking beast.
Your limbs bulge with bestial killing power. (Slay +2)
You cannot wear most types of armour.
You are amphibious.
You can wear up to eight rings at the same time.
Your skin changes colour to match your surroundings (Stealth+).
Your rubbery body absorbs attacks. (AC +1, EV +1)
((You are camouflaged when in or above water. (Stealth+)))
You have tentacles for arms and can constrict up to eight enemies at once.


Message History

The bombardier beetle is severely wounded.
You constrict the bombardier beetle, but do no damage.
The bombardier beetle bites you.
You tentacle-slap the bombardier beetle but do no damage.
The bombardier beetle is severely wounded.
You constrict the bombardier beetle, but do no damage.
The jelly barely misses you.
You tentacle-slap the bombardier beetle but do no damage.
The bombardier beetle is severely wounded.
You constrict the bombardier beetle.
The bombardier beetle barely misses you.
The jelly closely misses you.
You tentacle-slap the bombardier beetle.
You kill the bombardier beetle!
You tentacle-slap the jelly.
Your tentacles burn!
The jelly is lightly wounded.
The jelly hits you. The acid corrodes you!
You are splashed with acid!
You tentacle-slap the jelly.
Your tentacles burn!
The jelly is heavily wounded.
The jelly hits you. The acid corrodes you!
You are splashed with acid!
You tentacle-slap the jelly but do no damage.
Your tentacles burn!
You squeeze the jelly.
The jelly is almost dead.
The jelly hits you.
* * * LOW HITPOINT WARNING * * *
The acid corrodes you!
You are splashed with acid!
* * * LOW HITPOINT WARNING * * *
You barely miss the jelly.
The jelly is almost dead.
The jelly barely misses you.
Unknown command.
You tentacle-slap the jelly but do no damage.
Your tentacles burn!
* * * LOW HITPOINT WARNING * * *
The jelly is almost dead.
The jelly barely misses you.
Unknown command.
You tentacle-slap the jelly but do no damage.
The acid corrodes you!
Your tentacles burn!
You die...

#.# #####.# #.##
..#...# #..###
.....# ###
##.#..###....#
#.#
#.####...#...###
#.####.#
##........####
#...#..#
###..........
#.....##
##.....J......
.......#
#.....h.......
##.....#
#..............
#####.##
##....#####....
### ##...# ... #
#..## .. #####
#.. ....# ##.
.#### .#


You could see a jelly.

Vanquished Creatures
  An ogre (D:4)
  A scorpion (D:4)
  A bombardier beetle (D:5)
  An orc priest (D:5)
  4 gnolls
  2 adders
  A white imp (D:5)
  5 dart slugs
  2 ribbon worms
  14 orcs
  6 ball pythons
  11 endoplasms
  4 giant cockroaches
  7 hobgoblins
  6 jackals
  5 quokkas
  6 bats
  3 frilled lizards
  10 goblins
  12 kobolds
  11 rats
113 creatures vanquished.

Notes
Turn   | Place    | Note
-------+----------+-------------------------------------------
     0 | D:1      | timneilson the Octopode Shapeshifter began the quest for
                  | the Orb.
     0 | D:1      | Reached XP level 1. HP: 13/13 MP: 1/1
    25 | D:1      | Reached XP level 2. HP: 17/18 MP: 2/2
   127 | D:1      | Reached skill level 1 in Stealth
   176 | D:1      | Reached XP level 3. HP: 21/23 MP: 3/3
   741 | D:2      | Reached XP level 4. HP: 29/29 MP: 4/4
  1318 | D:3      | Reached XP level 5. HP: 30/34 MP: 5/5
  2257 | D:3      | Reached skill level 1 in Evocations
  2318 | D:3      | Found a runed translucent door.
  2319 | D:3      | Noticed Crazy Yiuf
  2698 | D:4      | Reached XP level 6. HP: 41/41 MP: 6/6
  2862 | D:4      | Found a runed translucent door.
  2869 | D:4      | Noticed Azoth's ghost (novice MDMo)
  3025 | D:4      | Found a runed translucent door.
  3054 | D:4      | Found Mijuc's Tiny Tomes.
  3332 | D:5      | Entered Level 5 of the Dungeon
  3345 | D:5      | Noticed a sky beast
  3429 | D:5      | Reached XP level 7. HP: 46/46 MP: 7/7
  3535 | D:5      | Splashed by a jelly's acid

Illustrated notes

Levels and vault maps discovered:
D:1:      saegor_arrival_miasma, layout_basic
D:2:      layout_rooms, minmay_bisected
D:3:      layout_loops_corners, uniq_crazy_yiuf_cottage
D:4:      layout_basic, ebering_ghost_sewer_f, serial_rivers,
          chequers_serial_rivers_small_a, chequers_serial_rivers_micro_a,
          chequers_serial_rivers_small_3, chequers_serial_rivers_small_3,
          chequers_serial_rivers_micro_e, nicolae_shop_i_like_small_books_too
D:5:      layout_layer_cave, chequers_temple_overflow_minitemple,
          chei_slow_surprise, serial_shops, shop, eino_curves_03

Skill      XL: |  1  2  3  4  5  6 |
---------------+-------------------+-----
Stealth        | 1 2 3 |  3.5
Fighting       | 2 3 |  3.2
Dodging        | 3 |  3.6
Evocations     | 1 |  1.8
Unarmed Combat | 4 |  4.2
Shapeshifting  | 4 |  4.2

Action                     |  1- 3 |  4- 6 |  7- 9 || total
---------------------------+-------+-------+-------++-------
  Melee: Unarmed           |    47 |   135 |    20 ||   202
         Constrict         |     9 |    44 |     5 ||    58
         Tentacles         |     7 |    28 |     5 ||    40
         Punch             |     1 |     3 |       ||     4
  Throw: Dart              |       |     2 |       ||     2
    Use: Scroll            |     3 |     4 |     1 ||     8
   Stab: Sleeping          |     6 |    14 |     1 ||    21
 Armour: Skin              |    15 |    53 |     8 ||    76
  Dodge: Dodged            |    25 |    62 |     9 ||    96

Table legend: (Time is in decaauts)
 A = Elapsed time spent in this place.
 B = Non-inter-level travel time spent in this place.
 C = Inter-level travel time spent in this place.
 D = Time resting spent in this place.
 E = Time spent auto-exploring this place.
 F = Levels seen in this place.
 G = Mean time per level.
                   A        B        C        D        E       F      G
               +--------+--------+--------+--------+--------+-----+--------+
         Total |   3523 |   3410 |    113 |    337 |   2278 |   5 |  704.6 |
       Dungeon |   3523 |   3410 |    113 |    337 |   2278 |   5 |  704.6 |
               +--------+--------+--------+--------+--------+-----+--------+

Top non-repeatable levels by time:
     D:3: 1125 daAuts
     D:4: 758 daAuts
     D:2: 747 daAuts
     D:1: 721 daAuts
     D:5: 170 daAuts
